Unix NetHack Version 3.7.0-70 Work-in-progress - last build Jan 20 2023 02:37:49 (416de4da9be3a1557180d233d1398bca634ded6a,branch:master). Game began 2023-01-21 16:02:21, ended 2023-01-22 04:54:57. spontiff, neutral male gnomish Healer ---------- +........| |@.......| #..f......| #---------- ## # -----# ## # |d..|####### # ..<.|# #-|------# |[...# |......-# ----- -......| |......| -------- Spontiff the Rhizotomist St:7 Dx:8 Co:15 In:10 Wi:17 Ch:17 Neutral S:180 Dlvl:4 $:1405 HP:0(13) Pw:1(1) AC:7 Xp:1/0 T:1198 Latest messages: A runed dagger hits the ceiling, then falls back on top of your head. A runed dagger hits the floor. Are you sure you want to pray? [yn] (n) y You begin praying to Hermes. You finish your prayer. The voice of Hermes booms out: "Thou art arrogant, mortal." "Thou must relearn thy lessons!" You feel foolish! k - a runed dagger (at the ready). #oh ffs: unknown extended command. What do you want to wear? [h or ?*] h You finish your dressing maneuver. What do you want to ready? [- $kK or ?*] - You now have no ammunition readied. What do you want to use or apply? [aijswxS or ?*] s In what direction? k You hear nothing special. What do you want to use or apply? [aijswxS or ?*] s In what direction? h You hear nothing special. What do you want to use or apply? [aijswxS or ?*] s In what direction? l You hear nothing special. You descend the stairs. $ - 5 gold pieces (1405 in total). The giant rat bites! The housecat misses the giant rat. The door opens. The housecat bites the giant rat. The giant rat bites! The housecat misses the giant rat. The housecat misses the giant rat. The giant rat bites! The housecat bites the giant rat. The giant rat is killed! The 'G' prefix should be followed by a movement command. What do you want to use or apply? [aijswxS or ?*] s In what direction? y You hear a hollow sound. This must be a secret door! The door resists! The door resists! The door resists! The door resists! The door resists! The door opens. KABOOM!! The door was booby-trapped! You die... Do you want your possessions identified? [ynq] (y) y Do you want to see the dungeon overview? [ynq] (y) y Inventory: Coins $ - 1405 gold pieces Weapons W - an uncursed +0 arrow k - an uncursed +0 elven dagger K - an uncursed +0 scalpel (alternate weapon; not wielded) Armor h - an uncursed +0 orcish helm (being worn) g - an uncursed +1 pair of leather gloves (being worn) q - an uncursed +0 dwarvish cloak (being worn) Comestibles y - an uncursed apple Spellbooks j - a blessed spellbook of extra healing i - a blessed spellbook of healing w - an uncursed spellbook of healing a - a blessed spellbook of stone to flesh Potions b - a blessed potion of extra healing C - 3 uncursed potions of extra healing c - a blessed potion of healing e - 3 uncursed potions of healing o - an uncursed potion of water Wands S - an uncursed wand of sleep (0:7) Tools x - an uncursed oil lamp s - an uncursed stethoscope Gems/Stones p - a cursed garnet stone Spontiff the Healer's attributes: Background: You were a Rhizotomist, a level 1 male gnomish Healer. You were neutral, on a mission for Hermes who was opposed by Athena (lawful) and Poseidon (chaotic). You were in the Dungeons of Doom, on level 4. You entered the dungeon 1198 turns ago. It was nighttime. There was a new moon in effect when your adventure ended. You had 0 experience points, 20 were needed to attain level 2. Your score was 180 before end-of-game adjustments. Basics: You had 0 out of 13 hit points. You had 1 out of 1 energy points (spell power). Your armor class was 7. Your wallet contained 1405 zorkmids. Autopickup was on for '$!/="?' plus thrown, with exceptions. Final Characteristics: Your strength was 7 (limit:18/50). Your dexterity was 8 (limit:18). Your constitution was 15 (limit:18). Your intelligence was 10 (limit:19). Your wisdom was 17 (peak:18, limit:18). Your charisma was 17 (limit:18). Final Status: You were not hungry. You were unencumbered. You were empty handed. You were unskilled in bare handed combat. Final Attributes: You were fervently aligned. You were poison resistant. You had infravision. You were warded. You were unlucky. Hermes was angry with you. You are dead. Miscellaneous: You never encountered a bones level. Total elapsed playing time was 40 minutes and 22 seconds. Major events: Turn 1: spontiff the neutral male gnomish Healer entered the dungeon 947: entered the Gnomish Mines 1198: killed by an explosion Vanquished creatures: 2 hobbits a large kobold a giant rat 9 jackals a fox 3 goblins 2 newts 19 creatures vanquished. No species were genocided or became extinct. Voluntary challenges: You never hit with a wielded weapon. You were a pacifist. You were illiterate. You never engraved Elbereth. You never genocided any monsters. You never polymorphed an object. You never changed form. You used no wishes. Achievement: You entered the Gnomish Mines. The Dungeons of Doom: levels 1 to 4 Level 1: A fountain. Level 2: Level 3: Stairs down to The Gnomish Mines. Level 4: <- You were here. Final resting place for you, killed by an explosion. The Gnomish Mines: Level 4: Game over: ---------- / \ / REST \ / IN \ / PEACE \ / \ | spontiff | | 1405 Au | | killed by an | | explosion | | | | | | 2023 | *| * * * | * _________)/\\_//(\/(/\)/\//\/|_)_______ Goodbye spontiff the Healer... You died in The Dungeons of Doom on dungeon level 4 with 177 points, and 1405 pieces of gold, after 1198 moves. You were level 1 with a maximum of 13 hit points when you died.